 Dungeon Crawl Stone Soup version 0.31.0-11-ge490571c62 (webtiles) character file.

Game seed: 1725143292523904097

2 Ashen the Sneak (level 1, -3/13 HPs)
             Began as a Gnoll Enchanter on Feb 3, 2024.
             Slain by a goblin
             ... wielding a +0 dagger
              (4 damage)
             ... on level 1 of the Dungeon.
             The game lasted 00:00:12 (52 turns).

Ashen the Sneak (Gnoll Enchanter)                     Turns: 52, Time: 00:00:12

Health: -3/13      AC:  2    Str:  7    XL:     1   Next: 40%
Magic:  6/6        EV: 10    Int: 14    God:
Gold:   0          SH:  0    Dex: 12    Spells: 9/9 levels left

rFire   . . .        a - +1 dagger
rCold   . . .        (no shield)
rNeg    . . .        b - +0 robe
rPois   .            (no helmet)
rElec   .            (no cloak)
rCorr   .            (no gloves)
SInv    .            (no boots)
Will    .....        (no amulet)
Stlth   +++          (no ring)
HPRegen 0.22/turn    (no ring)
MPRegen 0.10/turn

%: no passive effects
@: constricted, invisible
A: fangs 1, strong nose, distributed training
a: no special abilities


You were on level 1 of the Dungeon.
You visited 1 branch of the dungeon, and saw 1 of its levels.

Inventory:

Hand Weapons
 a - a +1 dagger (weapon)
Armour
 b - a +0 robe (worn)
Scrolls
 d - a scroll of noise {unknown}
 e - a scroll of blinking {unknown}
Potions
 c - a potion of invisibility


   Skills:
 + Level 0.0 Fighting
 + Level 2.3 Short Blades
 + Level 0.0 Long Blades
 + Level 0.0 Axes
 + Level 0.0 Maces & Flails
 + Level 0.0 Polearms
 + Level 0.0 Staves
 + Level 0.0 Ranged Weapons
 + Level 0.0 Throwing
 + Level 0.0 Armour
 + Level 4.4 Dodging
 + Level 5.8 Stealth
 + Level 0.0 Shields
 + Level 0.0 Unarmed Combat
 + Level 4.8 Spellcasting
 + Level 0.0 Conjurations
 + Level 5.3 Hexes
 + Level 0.0 Summonings
 + Level 0.0 Necromancy
 + Level 0.0 Translocations
 + Level 0.0 Fire Magic
 + Level 0.0 Ice Magic
 + Level 0.0 Air Magic
 + Level 0.0 Earth Magic
 + Level 0.0 Alchemy
 + Level 0.1 Invocations
 + Level 0.0 Evocations
 + Level 0.0 Shapeshifting


You had 9 spell levels left.
You didn't know any spells.
Your spell library contained the following spells:

 Spells                   Type           Power      Damage    Failure   Level
 Confusing Touch          Hex            18%        N/A       6%          3
 Tukima's Dance           Hex            18%        N/A       6%          3
 Ensorcelled Hibernation  Hex/Ice        20%        N/A       9%          2
 Dazzling Flash           Conj/Hex       20%        N/A       17%         3


Dungeon Overview and Level Annotations

Branches:
Dungeon (1/15)

Altars:


Innate Abilities, Weirdness & Mutations

You have very sharp teeth.
Your uncanny sense of smell can sniff out nearby items.
Your experience applies equally to all skills.


Message History

You kill the ball python!
You barely miss the ball python. The ball python bites you.
The ball python grabs you. The ball python constricts you.
The ball python bites you but does no damage.
The ball python constricts you.
You hit the ball python.
The ball python is heavily wounded.
The goblin hits you with a +0 dagger. The ball python barely misses you.
The ball python constricts you.
You don't know any spells.
Sorry, you're not good enough to have a special ability.
You completely miss the ball python.
The ball python is heavily wounded.
The goblin hits you with a +0 dagger. The ball python barely misses you.
The ball python constricts you.
You hit the ball python.
The ball python is severely wounded.
The ball python bites you. The ball python constricts you.
The goblin hits you with a +0 dagger.
* * * LOW HITPOINT WARNING * * *
You hit the goblin.
The goblin is severely wounded.
The ball python barely misses you. The ball python constricts you.
A ball python comes into view.
You barely miss the goblin.
The ball python hisses angrily.
Your bite misses the goblin.
The goblin is severely wounded.
The goblin closely misses you. The ball python closely misses you.
The ball python constricts you.
You barely miss the goblin.
The goblin is severely wounded.
The goblin hits you with a +0 dagger.
* * * LOW HITPOINT WARNING * * *
A rat comes into view.
The ball python misses you. The ball python constricts you.
* * * LOW HITPOINT WARNING * * *
You fade into invisibility!
The goblin hits you with a +0 dagger.
You die...

... #..# #..r
#..## ####
#.S. S.[# #
##.. Bb=# .#
##...#..$# ...
### #..
#S####...# ...
..#.#@......♣
#..
#.##g...###♣
..#g#...#.## .
#.##.....# ..#
#?#...#.###
#...###..##...
#......#######
#.##....#
####.####


You could see a goblin (unable to see you), 2 ball pythons and a rat (wandering,
unable to see you).

Vanquished Creatures
  A quokka (D:1)
  A ball python (D:1)
  A bat (D:1)
3 creatures vanquished.

Notes
Turn   | Place    | Note
-------+----------+-------------------------------------------
     0 | D:1      | Ashen the Gnoll Enchanter began the quest for the Orb.
     0 | D:1      | Reached XP level 1. HP: 13/13 MP: 6/6
    52 | D:1      | Slain by a goblin

Illustrated notes

Levels and vault maps discovered:
D:1:      dpeg_arrival_water_temple_mockup, layout_basic,
          shapermc_ecumenical_altar_totnotflames, minmay_vboxes

Action                     || total
---------------------------++-------
  Melee: Dagger            ||    11
    Use: Potion            ||     1
   Stab: Sleeping          ||     2
 Armour: Robe              ||     9
  Dodge: Dodged            ||     9
